 Dungeon Crawl Stone Soup version 0.27-a0-1217-g8a41f320e8 (webtiles) character file.

Game seed: 11477937634002779930

1754 Essalna the Geomancer (level 9, -4/45 HPs)
             Began as a Gargoyle Earth Elementalist on June 6, 2021.
             Killed from afar by Erica (11 damage)
             ... with a lance of force
             ... on level 8 of the Dungeon.
             The game lasted 00:14:32 (6023 turns).

Essalna the Geomancer (Gargoyle Earth Elementalist) Turns: 6023, Time: 00:14:33

Health: -4/45      AC: 19    Str: 17    XL:     9   Next: 6%
Magic:  19/19      EV: 11    Int: 20    God:
Gold:   208        SH:  0    Dex:  8    Spells: 17/21 levels left

rFire    . . .     SeeInvis .   w - +1 hand axe (vorpal)
rCold    . . .     Faith    .   (no shield)
rNeg     + . .     Spirit   .   n - +0 leather armour of Pantheism {-Tele Will+++ Regen+ Dex-2}
rPois    ∞         Reflect  .   E - +0 helmet
rElec    +         Harm     .   D - +0 cloak
rCorr    .         Rampage  .   (no gloves)
Will     ++++.     NoTele   +   d - +0 pair of boots
Stlth    +.........             q - amulet of regeneration
HPRegen  2.15/turn              h - +4 ring of protection
MPRegen  0.16/turn              o - +6 ring of strength

@: brilliant
A: sickness immunity, AC +6, negative energy resistance 1, electricity
resistance, torment resistance 1, petrification resistance, iridescent scales 1,
strong-willed 1, wild magic 1
a: no special abilities


You were on level 8 of the Dungeon.
You visited 2 branches of the dungeon, and saw 9 of its levels.

You collected 332 gold pieces.
You spent 124 gold pieces at shops.

Inventory:

Hand Weapons
 s - a +0 trident
 w - a +1 vorpal hand axe (weapon)
Missiles
 b - 57 stones
 m - 2 atropa-tipped darts
Armour
 c - a +0 robe
 d - a +0 pair of boots (worn)
 n - the +0 leather armour of Pantheism (worn) {-Tele Will+++ Regen+ Dex-2}
   (You bought it in a shop on level 3 of the Dungeon)

   It affects your dexterity (-2).
   It prevents most forms of teleportation.
   It increases your rate of health regeneration.
   It greatly increases your willpower.
 D - a +0 cloak (worn)
 E - a +0 helmet (worn)
Magical Staves
 y - a staff of fire
Jewellery
 h - a +4 ring of protection (left hand)
 j - a ring of poison resistance
 o - a +6 ring of strength (right hand)
 p - an amulet of guardian spirit
 q - an amulet of regeneration (around neck)
 z - an amulet of magic regeneration
 C - a ring of see invisible
Wands
 G - a wand of flame (20)
 H - a wand of mindburst (4)
Scrolls
 a - 2 scrolls of enchant armour {unknown}
 e - 2 scrolls of identify {unknown}
 k - 4 scrolls of teleportation {unknown}
 l - a scroll of immolation {unknown}
 r - 2 scrolls of enchant weapon {unknown}
 v - a scroll of torment {unknown}
 A - 2 scrolls of silence {unknown}
 B - 4 scrolls of amnesia {unknown}
 F - a scroll of magic mapping {unknown}
Potions
 f - 3 potions of mutation
 i - 4 potions of curing {unknown}
 t - 3 potions of lignification {unknown}
 u - a potion of magic {unknown}
 x - 2 potions of haste {unknown}


   Skills:
 + Level 3.4 Armour
 - Level 1.5 Dodging
 - Level 2.1 Stealth
 + Level 6.9 Spellcasting
 - Level 3.0 Conjurations
 - Level 0.7 Transmutations
 + Level 9.5 Earth Magic


You had 17 spell levels left.
You knew the following spells:

 Your Spells              Type           Power      Damage    Failure   Level
a - Sandblast             Erth           100%       2d20      1%          1
b - Stone Arrow           Conj/Erth      100%       3d13      4%          3

Your spell library contained the following spells:

 Spells                   Type           Power      Damage    Failure   Level
 Passwall                 Tmut/Erth      43%        N/A       3%          2
 Shock                    Conj/Air       100%       1d9       10%         1
 Lee's Rapid Deconstruct  Erth           36%        3d19*     10%         5
 Static Discharge         Conj/Air       25%        N/A       14%         2
 Petrify                  Tmut/Erth      52%        N/A       21%         4
 Swiftness                Air            13%        N/A       43%         3
 Ice Form                 Ice/Tmut       16%        N/A       75%         4
 Airstrike                Air            6%         N/A       82%         4
 Summon Ice Beast         Ice/Summ       13%        N/A       82%         4
 Lightning Bolt           Conj/Air       12%        1d26      90%         5
 Freezing Cloud           Conj/Ice/Air   10%        6-21      100%        6
 Simulacrum               Ice/Necr       6%         N/A       100%        6
 Ozocubu's Refrigeration  Ice            6%         4d6       100%        7


Dungeon Overview and Level Annotations

Branches:
Dungeon (8/15)             Temple (1/1) D:5
   Lair: D:8-11

Altars:
Cheibriados
Dithmenos
Elyvilon
Fedhas
Gozag
Hepliaklqana
Kikubaaqudgha
Makhleb
Nemelex Xobeh
Okawaru
Qazlal
Ru
Sif Muna
Trog
Uskayaw
Wu Jian
Xom
Yredelemnul
Zin
The Shining One

Shops:
D:3 [   D:4 *   D:8 :

Annotations:
D:7 Joseph
D:8 Erica


Innate Abilities, Weirdness & Mutations

You are immune to sickness and miasma.
Your stone body is resilient. (AC +6)
You are immune to poison.
You resist negative energy. (rN+)
You are resistant to electric shocks. (rElec)
You are resistant to unholy torment.
You are immune to petrification.
You are partially covered in iridescent scales. (AC +2)
You are strong-willed. (Will+)
Your spells are a little harder to cast, but a little more powerful.


Message History

You barely miss the orc wizard. The wight hits you with a +0 mace.
You closely miss the wight.
The wight is severely damaged.
You closely miss something. The wight hits you with a +0 mace.
Something hits you. Something burns you.
Deactivating autopickup; reactivate with Ctrl-A.
You hit the wight but do no damage.
The wight is severely damaged.
You hit something but do no damage. The wight hits you but does no damage.
You hear a zap.
Something tries to affect you, but you resist.
The wight hits you with a +0 mace!
You hit the wight but do no damage.
The wight is severely damaged.
You miss something. Something hits you but does no damage.
The wight hits you but does no damage.
You hit the wight.
The wight is almost destroyed.
You miss something. Something hits you! Something burns you.
The wight hits you with a +0 mace! Something hits you!
* * * LOW HITPOINT WARNING * * *
Something burns you.
* * * LOW HITPOINT WARNING * * *
It was a potion of mutation.
You feel extremely strange.
Iridescent scales grow over part of your body.
You feel strong-willed.
You feel less in control of your magic. The wight hits you with a +0 mace.
* * * LOW HITPOINT WARNING * * *
Something hits you but does no damage. The orc wizard casts a spell at you.
The magic dart hits something.
Okay, then.
Unknown command.
It was a potion of brilliance.
You feel clever all of a sudden. The wight hits you but does no damage.
You hear some strange, mumbled words.
A lance of force appears from out of thin air!
The lance of force hits you!
You die...

..z.........
...........
#z.........
###z..........#
##z.y..o........
#yo###.##.....#
#y####.#####..###
#z###.hh#.y.#...#
#@##..oy......#
#{#.......>...#
#o#...........#
oy............#
>.............##
....$...........#
......#.........###
.......#......∩.....
... #............


You could see 3 killer bees, 2 wights, an orc wizard and 2 orcs.

Vanquished Creatures
  2 water moccasins
  Duvessa (D:7)
  An ice beast (D:7)
  2 ogres
  A black bear (D:5)
  A sky beast (D:7)
  2 centaurs (D:7)
  4 scorpions
  Dowan (D:7)
  2 bullfrog zombies (D:5)
  2 orc priests (D:4)
  Crazy Yiuf (D:4)
  A hound (D:6)
  2 jellies (D:5)
  2 bullfrog skeletons
  3 iguanas
  A hound skeleton (D:4)
  A howler monkey zombie (D:4)
  A howler monkey skeleton (D:5)
  2 adders (D:4)
  2 white imps
  2 ufetubi (D:5)
  An adder skeleton (D:4)
  3 worms
  3 dart slugs
  14 orcs
  6 bats
  8 endoplasms
  5 giant cockroaches
  7 goblins
  7 hobgoblins
  4 jackals (D:3)
  2 quokkas
  8 ball pythons
  4 frilled lizards
  3 kobolds
  7 rats
119 creatures vanquished.

Vanquished Creatures (others)
  An orc wizard (D:7)
  An orc (D:7)
2 creatures vanquished.

Grand Total: 121 creatures vanquished

Notes
Turn   | Place    | Note
-------+----------+-------------------------------------------
     0 | D:1      | Essalna the Gargoyle Earth Elementalist began the quest for
                  | the Orb.
     0 | D:1      | Reached XP level 1. HP: 10/10 MP: 3/3
   118 | D:1      | Reached XP level 2. HP: 14/15 MP: 0/5
   197 | D:1      | Reached skill level 4 in Earth Magic
   758 | D:1      | Reached XP level 3. HP: 14/19 MP: 4/6
   762 | D:1      | Learned a level 3 spell: Stone Arrow
  1766 | D:2      | Reached skill level 1 in Conjurations
  1909 | D:3      | Found Ricyt's Armour Emporium.
  1946 | D:3      | Reached XP level 4. HP: 24/24 MP: 2/8
  1950 | D:3      | Found a faded altar of an unknown god.
  2031 | D:3      | Bought the +0 leather armour of Pantheism {-Tele Will+++
                  | Regen+ Dex-2} for 124 gold pieces
  2067 | D:3      | Noticed a scorpion
  2133 | D:3      | Killed a scorpion
  2134 | D:3      | Reached skill level 5 in Earth Magic
  2134 | D:3      | Reached XP level 5. HP: 28/28 MP: 0/9
  2435 | D:3      | Found an ornate altar of the Wu Jian Council.
  2438 | D:3      | Found a white marble altar of Elyvilon.
  2493 | D:3      | Found a shimmering altar of Xom.
  2496 | D:3      | Found an opulent altar of Gozag.
  2996 | D:4      | Noticed an ogre
  3007 | D:4      | Killed an ogre
  3008 | D:4      | Reached XP level 6. HP: 22/32 MP: 7/11
  3040 | D:4      | Reached skill level 6 in Earth Magic
  3168 | D:4      | You fall into a shaft and drop 2 floors!
  3306 | D:6      | Reached XP level 7. HP: 36/36 MP: 10/13
  3446 | D:6      | Identified the +7 hunting sling "Qan Myd" {flame, rC+
                  | Dex+5}
  3626 | D:5      | Entered Level 5 of the Dungeon
  3632 | D:5      | Reached skill level 7 in Earth Magic
  3712 | D:5      | Found a hazy altar of Hepliaklqana.
  3712 | D:5      | Found a sparkling altar of Nemelex Xobeh.
  3759 | D:5      | Reached skill level 5 in Spellcasting
  3793 | D:5      | Found a staircase to the Ecumenical Temple.
  3837 | Temple   | Entered the Ecumenical Temple
  4299 | D:4      | Found a shimmering blue altar of Sif Muna.
  4299 | D:4      | Found a burning altar of Makhleb.
  4493 | D:4      | Reached XP level 8. HP: 41/41 MP: 16/16
  4513 | D:4      | Found Rufiorph's Serpentskin Sales.
  4521 | D:4      | Reached skill level 8 in Earth Magic
  4635 | D:4      | Found a runed translucent door.
  4636 | D:4      | Noticed Crazy Yiuf
  4642 | D:4      | Killed Crazy Yiuf
  5649 | D:7      | Noticed Duvessa
  5662 | D:7      | Reached skill level 1 in Armour
  5662 | D:7      | Noticed Dowan
  5728 | D:7      | Killed Duvessa
  5729 | D:7      | Reached skill level 9 in Earth Magic
  5739 | D:7      | Killed Dowan
  5923 | D:7      | Noticed Joseph
  5965 | D:7      | Reached XP level 9. HP: 37/45 MP: 9/19
  5966 | D:8      | Found Adibamui's Book Shoppe.
  6007 | D:8      | Noticed Erica
  6022 | D:8      | Gained mutation: You are partially covered in iridescent
                  | scales. (AC +2) [potion of mutation]
  6022 | D:8      | Gained mutation: You are strong-willed. (Will+) [potion of
                  | mutation]
  6022 | D:8      | Gained mutation: Your spells are a little harder to cast,
                  | but a little more powerful. [potion of mutation]
  6023 | D:8      | Killed from afar by Erica

Illustrated notes

Levels and vault maps discovered:
D:1:      minmay_arrival_plants_in_alcoves, layout_basic
D:2:      layout_basic
D:3:      layout_loops_ring, grunt_temple_overflow_cloverleaf,
          hellmonk_ecumenical_altar_arch_garden, serial_shops, shop
D:4:      minmay_clustersquares, layout_rooms, amethyst_overflow_temple_binary,
          guppyfry_shop_venom, uniq_crazy_yiuf_cottage
D:5:      layout_gridville, jmf_multi_god_temple,
          minmay_temple_entry_butterflies
D:6:      layout_basic, minmay_misc_feat_x
D:7:      layout_cave_pools, uniq_duvessa, uniq_joseph
D:8:      layout_rooms, serial_shops, shop, uniq_pikel, uniq_erica
Temple:   hc_temple_tempest_star

Skill      XL: |  1  2  3  4  5  6  7  8 |
---------------+-------------------------+-----
Earth Magic    | 4 5 6 7 9 |  9.5
Conjurations   | 1 2 3 |  3.0
Spellcasting   | 3 4 5 6 |  6.9
Armour         | 3 |  3.4
Dodging        | |  1.5
Stealth        | |  2.1
Transmutations | |  0.7

Action                   |  1- 3 |  4- 6 |  7- 9 || total
-------------------------+-------+-------+-------++-------
Melee: Unarmed           |    38 |    72 |       ||   110
       Trident           |       |    23 |       ||    23
       Hand axe          |       |       |   109 ||   109
 Cast: Sandblast         |    53 |    43 |    49 ||   145
       Stone Arrow       |       |       |    11 ||    11
  Use: Potion            |       |       |     2 ||     2
 Stab: Distracted        |       |     1 |       ||     1
       Sleeping          |       |     1 |       ||     1
Armor: Robe              |    39 |       |       ||    39
       Leather armour    |       |    69 |   115 ||   184
Dodge: Dodged            |    33 |    84 |   120 ||   237

Table legend: (Time is in decaauts)
 A = Elapsed time spent in this place.
 B = Non-inter-level travel time spent in this place.
 C = Inter-level travel time spent in this place.
 D = Time resting spent in this place.
 E = Time spent auto-exploring this place.
 F = Levels seen in this place.
 G = Mean time per level.
                   A        B        C        D        E       F      G
               +--------+--------+--------+--------+--------+-----+--------+
         Total |   6088 |   5800 |    288 |      0 |   4703 |   9 |  676.4 |
       Dungeon |   5942 |   5672 |    270 |      0 |   4577 |   8 |  742.8 |
        Temple |    146 |    128 |     18 |      0 |    126 |   1 |  146.0 |
               +--------+--------+--------+--------+--------+-----+--------+

Top non-repeatable levels by time:
     D:1: 1239 daAuts
     D:5: 1012 daAuts
     D:3: 980 daAuts
     D:4: 944 daAuts
     D:2: 666 daAuts
     D:6: 630 daAuts
     D:7: 403 daAuts
  Temple: 146 daAuts
     D:8: 65 daAuts
